Cogmind - Beta 11.1 @@@ ROGUE MODE // 2022.05.02 @ 22:47:24 Player: the cat Result: Destroyed by as-98975 with Assembled Heavy Rifle Performance ------------- Evolutions (0) 0 Regions Visited (0) 0 Robots Destroyed (3) 15 Value Destroyed (20) 20 Prototype IDs (0) 0 Alien Tech Used (0) 0 Bonus (0) 0 TOTAL SCORE: 35 Bonus ------- None Cogmind --------- Core Integrity 0/250 Matter 300/300 Energy 100/100 System Corruption 3% Temperature Cool (0) Movement Core (50) Location -11/Scrapyard Parts ------- > --- POWER (1) -------- (None) > --- PROPULSION (2) --- (None) > --- UTILITY (2) ------ (None) > --- WEAPON (2) ------- (None) > --- INVENTORY (5) ---- Light Ion Engine Light Treads Aluminum Leg Aluminum Leg Wheel Peak State ------------ > --- POWER ------------ Ion Engine > --- PROPULSION ------- Light Treads Wheel > --- UTILITY ---------- Small Storage Unit Improved Terrain Scanner > --- WEAPON ----------- Assault Rifle Assault Rifle > --- INVENTORY -------- Light Ion Engine Light Treads Aluminum Leg Aluminum Leg Wheel [Rating: 9] Favorites ----------- Power Ion Engine Engine Ion Engine Propulsion Light Treads Treads Light Treads Wheel Wheel Utility Small Storage Unit Device Improved Terrain Scanner Storage Small Storage Unit Weapon Assault Rifle Ballistic Gun Assault Rifle Build | -11 ------- Run | Scr Slots Evolved . | . Power . | . Propulsion . | . Utility . | . Weapon . | . Parts Attached 9 | 9 Power 2 | 2 Engine 2 | 2 Core . | . Reactor . | . Propulsion 3 | 3 Treads 2 | 2 Leg . | . Wheel 1 | 1 Hover . | . Flight . | . Utility 2 | 2 Device 1 | 1 Storage 1 | 1 Processor . | . Hackware . | . Protection . | . Artifact . | . Weapon 2 | 2 Energy Gun . | . Energy Cannon . | . Ballistic Gun 2 | 2 Ballistic Cannon . | . Launcher . | . Special Weapon . | . Impact Weapon . | . Slashing Weapon . | . Piercing Weapon . | . Special Melee Weapon . | . Unidentified Prototypes . | . Parts Lost . | . Power . | . Propulsion . | . Utility . | . Weapon . | . Highest Loss Streak . | . To Critical Strikes . | . Average Slot Usage (%) . | . Naked Turns . | . Heaviest Build 15 | 15 Greatest Support 40 | 40 Greatest Overweight (x) 4 | 4 Average Overweight (x) 1 | 1 Largest Inventory Capacity 8 | 8 Average Capacity 7 | 7 Most Carried 6 | 6 Average Carried 5 | 5 Final Capacity 5 | 5 Final Carried 5 | 5 Class Distribution -------------------- None Dominant Class ---------------- None Resources | -11 ----------- Run | Scr Matter Collected 269 | 269 Remotely . | . Salvage Created 105 | 105 Parts 5 | 5 Haulers Intercepted . | . Recyclers Shooed . | . Parts Field Recycled . | . Retrieved Matter . | . Parts Self-Destructed . | . Prevented . | . Kills | -11 ------- Run | Scr Combat Hostiles Destroyed 1 | 1 Melee 1 | 1 Classes Destroyed 3 | 3 Tunneler 2 | 2 Recycler 1 | 1 Assembled 1 | 1 Best Kill Streak 1 | 1 Combat Bots Only 1 | 1 Max Kills in Single Turn 1 | 1 Gunslinging . | . Exploded . | . Melee 1 | 1 Uniques/NPCs Destroyed . | . Combat | -11 -------- Run | Scr Damage Taken 262 | 262 Core 251 | 251 Absorbed by Shields . | . Core Remaining (%) . | . Volleys Fired 9 | 9 Largest 1 | 1 Hottest 20 | 20 Shots Fired 9 | 9 Gun 9 | 9 Cannon . | . Launcher . | . Special . | . Kinetic 9 | 9 Thermal . | . Explosive . | . Electromagnetic . | . Robot Hit Streak 1 | 1 Robot Miss Streak 1 | 1 Penetration Max . | . Secondary Targets . | . Shots Hit Robots 1 | 1 Core Hits 13 | 13 Critical Kills . | . Critical Parts Destroyed . | . Critical Strikes . | . Melee Attacks . | . Impact . | . Slashing . | . Piercing . | . Sneak Attacks . | . Combat Hostiles . | . Follow-up Attacks . | . Damage Inflicted 261 | 261 Guns 13 | 13 Cannons . | . Explosions . | . Melee . | . Ramming 248 | 248 Kinetic 13 | 13 Thermal . | . Explosive . | . Electromagnetic . | . Impact . | . Slashing . | . Piercing . | . Highest Corruption 3 | 3 Average Corruption 2 | 2 Corruption Purged . | . Corruption Blocked . | . Effects 2 | 2 Message Errors 2 | 2 Overload Shots . | . Overflow Damage . | . Projectiles . | . Explosions . | . Melee . | . Knockbacks 2 | 2 Impact 2 | 2 Kinetic . | . Secondary . | . Self-Inflicted Damage 83 | 83 Shots . | . Rammed 79 | 79 Targets Rammed 81 | 81 Kicked . | . Crushed 2 | 2 Highest Temperature . | . Average Temperature . | . Received Heat Transfer . | . Siege Activations . | . Robots Corrupted . | . Combat Hostiles . | . Parts Fried . | . Impact Corruptions . | . Robots Melted . | . Combat Hostiles . | . Parts Melted . | . Heat Transferred . | . Parts Sabotaged . | . Parts Stolen . | . Parts Stripped . | . Power Chain Reactions . | . Missiles Intercepted . | . Alert | -11 ------- Run | Scr Peak Influence 5 | 5 Initial . | . Average . | . Maximum Alert Level . | . Low Security (%) 100 | 100 Level 1 . | . Level 2 . | . Level 3 . | . Level 4 . | . Level 5 . | . High Security . | . Max Security . | . Squads Dispatched . | . Investigation . | . Extermination . | . Reinforcement . | . Assault . | . Garrison . | . Intercept . | . Searches Triggered . | . Construction Impeded . | . Haulers Reinforced . | . Active Scanning Responses . | . Cargo Convoy Interrupts . | . Stealth | -11 --------- Run | Scr Distress Signals . | . Communications Jammed . | . Distress Signals . | . Times Spotted 5 | 5 Peak Tracking Total 5 | 5 Tactical Retreats . | . Traps | -11 ------- Run | Scr Traps Triggered . | . Indirectly . | . Trap Hack Attempts . | . Triggered . | . Disarmed . | . Reprogrammed . | . Reused . | . Traps Extracted . | . Installed . | . Triggered . | . Machines | -11 ---------- Run | Scr Machines Disabled . | . Max in Single Turn . | . Machines Sabotaged . | . Garrisons Compromised . | . Overloaded Fab Kills . | . Hacking | -11 --------- Run | Scr Machines Accessed . | . Terminals . | . Fabricators . | . Repair Stations . | . Recycling Units . | . Scanalyzers . | . Garrison Access . | . Total Hacks . | . Successful . | . Failed . | . Catastrophic . | . Database Lockouts . | . Manual . | . Terminals . | . Fabricators . | . Repair Stations . | . Recycling Units . | . Scanalyzers . | . Garrison Access . | . Terminal Hacks . | . Fabricator Hacks . | . Repair Station Hacks . | . Recycling Unit Hacks . | . Scanalyzer . | . Garrison Access Hacks . | . Unauthorized Hacks . | . Terminals . | . Fabricators . | . Repair Stations . | . Recycling Units . | . Scanalyzers . | . Garrison Access . | . Data Cores Recovered . | . Used . | . Hacking Detections . | . Full Trace Events . | . Feedback Events . | . Feedback Blocked . | . Robot Schematics Acquired . | . Robots Built . | . Authchips . | . Time . | . Total Robot Build Rating . | . Part Schematics Acquired . | . Parts Built . | . Authchips . | . Time . | . Total Part Build Rating . | . Parts Repaired . | . Time . | . Parts Recycled . | . Recycled Matter . | . Retrieved Matter . | . Retrieved Components . | . Parts Scanalyzed . | . Part Schematics Acquired . | . Parts Damaged . | . Bothacking | -11 ------------ Run | Scr Used RIF Installer . | . Robots Hacked . | . Non-combat . | . Combat . | . Robot Hacks Applied . | . Relay Couplers Released . | . Fabnet Peak Effective % . | . Robots Rewired . | . Allies Hacked . | . Hacks Repelled . | . Allies | -11 -------- Run | Scr Total Allies . | . Largest Group . | . Highest-Rated Group . | . Highest-Rated Ally . | . Total Orders . | . Ally Attacks . | . Total Damage . | . Kills . | . Allies Corrupted . | . Allies Melted . | . Intel | -11 ------- Run | Scr Robot Analysis Total . | . Derelict Logs Recovered . | . Drone Launches . | . Drone Recoveries . | . Exploration | -11 ------------- Run | Scr Turns Passed 10769 | 10769 Spaces Moved 5007 | 5007 Core 2585 | 2585 Treads 1659 | 1659 Legs . | . Wheels 763 | 763 Hover . | . Flight . | . Fastest Speed 50 | 50 Average Speed 151 | 151 Slowest Speed 250 | 250 Overloaded Moves . | . Propulsion Burnouts . | . Robots Hopped . | . Cave-ins Triggered . | . Exploration Rate (%) 98 | 98 Regions Visited . Branch Regions . Pre-discovered Areas . | . Known Exits Taken . | . Unknown Exits Taken . | . Scrap Searched . | . Spaces Dug . | . Terrain Destroyed . | . Melee . | . Projectile . | . AOE . | . Terrain Rammed . | . Walls Destroyed . | . Machines Disabled . | . Actions | -11 --------- Run | Scr Total 8152 | 8152 Wait 3033 | 3033 Move 5007 | 5007 Hop . | . Pick Up 5 | 5 Fast Attach 7 | 7 Attach 1 | 1 Detach 1 | 1 Swap 1 | 1 Drop 7 | 7 Fire 9 | 9 Melee . | . Ram 61 | 61 Kick . | . Crush 20 | 20 Escape Stasis . | . Rewire . | . Trap . | . Miscellaneous . | . Route ------- -11/Scrapyard (discovered 1 exit: [*Mat]) History --------- Turn | Location | Event 16 | -11/Scrapyard | Discovered new exit (range 15) 10715 | -11/Scrapyard | Assembled infested the area 10760 | -11/Scrapyard | Core integrity fell below 50% 10765 | -11/Scrapyard | Core integrity fell below 20% 10770 | -11/Scrapyard | Destroyed by as-98975 with Assembled Heavy Rifle Last Messages --------------- 10706_ Slammed into K-01 Serf. 10715_ ALERT: Infestation in the scrapyard, dispatching Demolisher response squad. 10715_ Slammed into K-01 Serf. 10715_ K-01 Serf knocked back. 10738_ Slammed into T-07 Excavator. 10747_ The unstable cave ceiling collapses. 10753_ MJOGDI4=KBONIOFC EKPD 10754_ The unstable cave ceiling collapses. 10754_ D-53 Grenadier destroyed. 10754_ as-88269 destroyed. 10757_ Knocked back. 10758_ Slammed into as-13332. 10759_ The unstable cave ceiling collapses. 10759_ Slammed into as-13332. 10760_ as-13332 destroyed. 10765_ The unstable cave ceiling collapses. 10767_ Slammed into as-64893. 10767_ Destabilizing: Core damaged (-2). 10770_ Slammed into as-98975. Map ----- +----------------------------------------------------+ | | | | | | | | | ?????????????????????????????????????????????????? | | ?????????????????????????????????????????????????? | | ?????????????????????????????????????????????????? | | ?????????????????????????????????????????????????? | | ?????????????????????????????????????????????????? | | ?????????????????????####??##????????????????????? | | ????????????????????## "## ##???????????????????? | | ????????????????????# " #???????????????????? | | ????????????????????# " #???????????????????? | | ????????????????????? " #???????????????????? | | ?????????????????????# " #???????????????????? | | ?????????????????????? " ????????????????????? | | ??????????????????????? #?????????????????????? | | ???????????????????????# #?######???????????????? | | ???????????????????????# =#? #???????????????? | | ???????????????????????#|%# #???????????????? | | ???????????????????????#a!# #???????????????? | | ####???????????????????# #???????????????? | | ##################### # #???????????????? | | # ####???????????????? | | #####??????????????????? | | ########## ###### # @a #????????????????????? | | ##????????###????## #????????????????????? | | #?????????????????# % ##???????????????????? | | #?????????????????## % #???????????????????? | | #????????????????## =% ##??????????????????? | | #????????????????# %% #??????????????????? | | %##??????????????## %= #??????????????????? | | ##############?# # # #??????????????????? | | ### # ##?????????????????? | | # # # # ###?????????????????? | | # #?#???#????????????#? | | # # ##?????????????#####?# | | # # % ##?#??????#???##????##? | | # ############# #?##?#?#??????###???#?? | | %#??########## ##??#######??#?#######?? | | # #??# # %#########?##?##?#####?########? | | # #??# ## =######?##?##?#######?##?####?## | | %#??# # ##########?#########???####### | | # #??# % % # ########### | | #% #?## # %% %# # # | | # ##?# # ####### # # # | | # #??# ######?#?###% # # | | #%%#??# ####?###??##%%# # # | | #% ##?# #?##########==# # # | | #?############????######[[######## # | +----------------------------------------------------+ Best States ------------- Heat Dissipation 25 Energy Generation 10 Energy Capacity 250 Matter Stores 300 Matter Capacity 300 Sight Range 16 Terrain Scan Range 16 Terrain Scan Density 10 Evasion (%) 50 Recoil Reduction 2 Item Schematics ----------------- None Robot Schematics ------------------ None Fabricated ------------ Nothing Alien Tech Used ----------------- None Achievements -------------- None Challenges ------------ None Game ------ Seed SuspensionArcRecalibrator Manual? 0 Play Time 00:34:06 Cumulative 247.3 hours Start 2022.05.02 @ 22:21:23 End 2022.05.02 @ 22:47:24 Sessions 0 Manual Loads 0 Difficulty Rogue Special Mode None Game No. 74 Rogue 57 Adventurer 17 Explorer 0 Win Type - Total 14 Types 8/0/5/1/0/0/0/0/0 Lore% 76 Gallery% 80 Achievement% 70 Wizard Run 0 Options --------- ASCII 0 Keyboard 0 Movement Arrows Keybinds 0 Fullscreen 1 Font 28/Dina Map View 72x54 Tactical HUD 1 Map Filters NONE Filters NONE Steam 1 RUN: 1bedf8cf-2119-4fbc-bc8c-c772882c8630